 Dungeon Crawl Stone Soup version 0.25.0-1-g7eea58d (webtiles) character file.

Game seed: 11660602873005347689

583 yaymichael the Archer (level 7, -13/58 HPs)
             Began as a Centaur Hunter on June 20, 2020.
             Mangled by Prince Ribbit (16 damage)
             ... on level 5 of the Dungeon.
             The game lasted 00:13:35 (6270 turns).

yaymichael the Archer (Centaur Hunter)              Turns: 6270, Time: 00:13:35

Health: -13/58     AC:  5    Str: 16      XL:     7   Next: 14%
Magic:  7/7        EV:  9    Int:  9 (10) God:
Gold:   262        SH:  0    Dex:  8      Spells: 6/6 levels left

rFire    . . .     SeeInvis .   e - +2 dagger (drain)
rCold    . . .     Gourm    .   (no shield)
rNeg     . . .     Faith    .   c - +1 leather armour
rPois    .         Spirit   .   (helmet restricted)
rElec    .         Reflect  .   (no cloak)
rCorr    +         Harm     .   (no gloves)
MR       +....                  (no barding)
Stlth    ..........             (no amulet)
HPRegen  0.19/turn              h - ring of resist corrosion
MPRegen  0.10/turn              p - ring of protection from magic

@: very quick
A: large, beak, hooves 3, clumsy 1, deformed body, speed 2, sense surroundings
1, tough skin 3
a: no special abilities


You were on level 5 of the Dungeon.
You were not hungry.

You visited 2 branches of the dungeon, and saw 6 of its levels.

You collected 262 gold pieces.

Inventory:

Hand Weapons
 a - a +2 shortbow
 b - a +0 short sword
 e - a +2 dagger of draining (weapon)
Missiles
 d - 26 arrows
Armour
 c - a +1 leather armour (worn)
 m - a +0 buckler
Jewellery
 h - a ring of resist corrosion (left hand)
 p - a ring of protection from magic (right hand)
Scrolls
 j - 4 scrolls of identify
 n - 5 scrolls of remove curse
Comestibles
 f - 10 rations


   Skills:
 * Level 3.6 Fighting
 + Level 1.3 Short Blades
 * Level 9.1 Bows
 * Level 2.2 Dodging
 - Level 0.4 Stealth
 * Level 2.4 Unarmed Combat


You had 6 spell levels left.
You didn't know any spells.
Your spell library was empty.

Dungeon Overview and Level Annotations

Branches:
Dungeon (5/15)             Temple (1/1) D:4

Altars:
Ashenzari
Cheibriados
Dithmenos
Elyvilon
Fedhas
Gozag
Hepliaklqana
Kikubaaqudgha
Makhleb
Nemelex Xobeh
Qazlal
Ru
Sif Muna
Trog
Uskayaw
Vehumet
Wu Jian
Xom
Yredelemnul
Zin
The Shining One

Annotations:
D:4 Grinder
D:5 Prince Ribbit


Innate Abilities, Weirdness & Mutations

You have hooves in place of feet.
Armour fits poorly on your strangely shaped body.
You cover ground very quickly.
You have extremely tough skin. (AC +3)
You have a beak for a mouth.
You are clumsy. (Dex -2)
You passively map a small area around you.


Message History

Prince Ribbit hits you!
You miss Prince Ribbit. Your kick misses Prince Ribbit.
Your peck misses Prince Ribbit.
Prince Ribbit is lightly wounded.
Prince Ribbit hits you! x2
There is a stone staircase leading up, spattered with blood here.
You miss Prince Ribbit. Your peck misses Prince Ribbit. Prince Ribbit hits you.
You closely miss Prince Ribbit. Your kick misses Prince Ribbit.
Prince Ribbit hits you!
* * * LOW HITPOINT WARNING * * *
You hit Prince Ribbit.
Prince Ribbit is lightly wounded.
Prince Ribbit hits you.
* * * LOW HITPOINT WARNING * * *
Prince Ribbit hits you.
* * * LOW HITPOINT WARNING * * *
You hit Prince Ribbit but do no damage.
Prince Ribbit is lightly wounded.
Prince Ribbit hits you!
You die...

...# #...## #..#### #.....(..
...######..## ##....###.....#
.....#####..# ####..#..(.#
...>......#.### #.##.#..#
...###.##.....###.##....#* **
...# #................(## ,
#.##########.....(##(..#.,
#..÷..###....#....##(....# *..
####......##...F@..(.#.### ,, #.#
##........##..###.#..#.# * , ##.#
...######.##.## #.......# ,...#
..#######.##.####....##.# #..#
.......##.##....##...###### #..#
..####..#....##..#........####..#
..# ##.....###......####.##....#
..####......##..#......##.....#.#
.......####.........##.####...#÷#


You could see Prince Ribbit.

Vanquished Creatures
  A bullfrog (D:5)
  2 howler monkeys (D:5)
  A hound (D:3)
  A jelly (D:5)
  An orc priest (D:4)
  An orc wizard (D:4)
  5 worker ants
  A hound skeleton (D:3)
  A hound zombie (D:5)
  A worker ant zombie (D:2)
  7 adders
  A shadow imp (D:5)
  An ooze (D:2)
  2 worms (D:2)
  2 leopard geckos
  8 orcs
  A giant cockroach (D:2)
  3 goblins
  12 hobgoblins
  8 jackals
  5 kobolds
  2 quokkas
  2 ball pythons
  5 bats
  4 frilled lizards
  6 rats
84 creatures vanquished.

Notes
Turn   | Place    | Note
-------+----------+-------------------------------------------
     0 | D:1      | yaymichael the Centaur Hunter began the quest for the Orb.
     0 | D:1      | Reached XP level 1. HP: 17/17 MP: 1/1
   165 | D:1      | Reached XP level 2. HP: 17/24 MP: 2/2
  1437 | D:2      | Reached skill level 6 in Bows
  1472 | D:2      | Reached XP level 3. HP: 19/30 MP: 3/3
  1870 | D:2      | Found a white marble altar of Elyvilon.
  2091 | D:2      | Reached skill level 1 in Unarmed Combat
  2116 | D:2      | Reached XP level 4. HP: 37/37 MP: 4/4
  3217 | D:3      | Reached skill level 7 in Bows
  3575 | D:3      | Found a faded altar of an unknown god.
  3714 | D:4      | Reached skill level 1 in Short Blades
  3714 | D:4      | Reached XP level 5. HP: 24/44 MP: 5/5
  3962 | D:4      | Found a staircase to the Ecumenical Temple.
  3996 | Temple   | Entered the Ecumenical Temple
  4540 | D:4      | Noticed Grinder
  4544 | D:4      | Gained mutation: You are clumsy. (Dex -2) [potion of
                  | mutation]
  4544 | D:4      | Gained mutation: You have a beak for a mouth. [potion of
                  | mutation]
  4544 | D:4      | Gained mutation: You passively map a small area around you.
                  | [potion of mutation]
  4552 | D:4      | Identified the cursed +0 robe "Fuwoshiq" {rPois}
  4613 | D:3      | Reached XP level 6. HP: 10/51 MP: 6/6
  4960 | D:5      | Entered Level 5 of the Dungeon
  4960 | D:5      | Noticed Prince Ribbit
  4981 | D:5      | HP: 1/51 [Prince Ribbit (10)]
  5333 | D:5      | Reached skill level 8 in Bows
  5561 | D:5      | Reached XP level 7. HP: 54/57 MP: 7/7
  5795 | D:5      | Reached skill level 9 in Bows
  6270 | D:5      | Mangled by Prince Ribbit

Illustrated notes

Levels and vault maps discovered:
D:1:      dpeg_arrival_radiant, layout_basic, chequers_serial_rivers_room_a
D:2:      layout_basic, elyvilon_altar_4
D:3:      layout_loops_ring, chequers_ecumenical_altar_lobes
D:4:      layout_cave_pods, temple_fountains, uniq_grinder
D:5:      layout_rooms, first_ration, due_unseen_surprise, uniq_prince_ribbit1
Temple:   kilobyte_greek_temple

Skill      XL: |  1  2  3  4  5  6  7 |
---------------+----------------------+-----
Bows           | 6 7 8 9 |  9.1
Unarmed Combat | 1 2 |  2.4
Short Blades   | 1 |  1.3
Fighting       | 3 |  3.6
Dodging        | 2 |  2.2
Stealth        | |  0.4

Action                   |  1- 3 |  4- 6 |  7- 9 || total
-------------------------+-------+-------+-------++-------
Melee: Short sword       |    74 |       |       ||    74
       Kick              |    13 |    21 |     6 ||    40
       Dagger            |    12 |    81 |    40 ||   133
       Peck              |       |     2 |     2 ||     4
 Fire: Shortbow          |    51 |   132 |    16 ||   199
  Use: Scroll            |       |     6 |       ||     6
       Potion            |       |     5 |       ||     5
  Eat: Chunk             |     3 |     6 |     1 ||    10
       Ration            |       |     1 |       ||     1
Armor: Leather armour    |    30 |    43 |    13 ||    86
Dodge: Dodged            |    40 |    58 |    18 ||   116
